 Seeded DCSS version 0.29.1-2-gbd0b4ee654 (webtiles) character file.

Game seed: 15296010637171918060 (custom seed)

366 retardedninja the Chopper (level 6, 0/53 HPs)
             Began as a Minotaur Fighter on Oct 31, 2022.
             Slain by a wight
             ... wielding a +4 great sword
              (16 damage)
             ... on level 4 of the Dungeon.
             The game lasted 00:03:46 (2614 turns).

retardedninja the Chopper (Minotaur Fighter)        Turns: 2614, Time: 00:03:47

Health: 0/53       AC:  8    Str: 23    XL:     6   Next: 40%
Magic:  5/5        EV:  9    Int:  5    God:
Gold:   224        SH:  4    Dex:  9    Spells: 5/5 levels left

rFire   . . .      SeeInvis .   d - +0 war axe (flame)
rCold   . . .      Faith    .   c - +0 buckler
rNeg    . . .      Spirit   .   b - +0 scale mail
rPois   .          Reflect  .   (helmet restricted)
rElec   .          Harm     .   (no cloak)
rCorr   .          Rampage  .   (no gloves)
Will    .....                   i - +0 pair of boots
Stlth   ..........              (no amulet)
HPRegen 0.17/turn               (no ring)
MPRegen 0.09/turn               (no ring)

@: no status effects
A: horns 2, retaliatory headbutt
a: no special abilities


You were on level 4 of the Dungeon.
You visited 1 branch of the dungeon, and saw 5 of its levels.

You collected 224 gold pieces.

Inventory:

Hand Weapons
 a - a +0 war axe
 d - a +0 war axe of flaming (weapon)
Armour
 b - a +0 scale mail (worn)
 c - a +0 buckler (worn)
 i - a +0 pair of boots (worn)
Jewellery
 n - an amulet of regeneration
Wands
 q - a wand of digging (7)
Scrolls
 f - 3 scrolls of fog {unknown}
 h - 3 scrolls of identify {unknown}
 j - 2 scrolls of brand weapon {unknown}
 l - 2 scrolls of enchant weapon {unknown}
Potions
 e - a potion of flight {unknown}
 g - a potion of curing
 k - a potion of attraction {unknown}
 m - a potion of degeneration {unknown}
 o - a potion of ambrosia {unknown}
 p - a potion of cancellation {unknown}
 r - a potion of heal wounds {unknown}


   Skills:
 + Level 4.5 Fighting
 + Level 5.4 Axes
 + Level 5.3 Armour
 + Level 1.3 Dodging
 + Level 0.1 Stealth
 + Level 4.9 Shields


You had 5 spell levels left.
You didn't know any spells.
Your spell library contained the following spells:

 Spells                   Type           Power      Damage    Failure   Level
 Apportation              Tloc           0%         N/A       86%         1
 Ignite Poison            Fire/Tmut/Pois 0%         N/A       99%         3
 Mephitic Cloud           Conj/Pois/Air  0%         N/A       99%         3
 Alistair's Intoxication  Tmut/Pois      0%         N/A       100%        5
 Freezing Cloud           Conj/Ice/Air   0%         6-21      100%        5


Dungeon Overview and Level Annotations

Branches:
Dungeon (5/15)
 Temple: D:4-7

Altars:

Annotations:
D:4 3 runed translucent doors, TheUltimateLifeform's ghost, amateur HOFi


Innate Abilities, Weirdness & Mutations

You have a pair of horns on your head.
You reflexively headbutt those who attack you in melee.


Message History

No target in view!
No target in view!
No target in view!
No target in view!
HP restored.
r - a fuming white potion
Found a ring mail.
There is a stone staircase leading down here.
You pick up a Trismegistus Codex and begin reading...
You add the spells Ignite Poison, Mephitic Cloud and Freezing Cloud to your library.
The goblin shouts!
You hear an angry hiss.
You hear a shout!
Found a long sword and a spear.
TheUltimateLifeform's ghost turns its malevolent gaze towards you.
You now have 224 gold pieces (gained 12). 2 wights come into view.
There are monsters nearby!
Okay, then.
A wight comes into view. It is wielding a +3 long sword.
You completely miss the wight. The wight hits you with a +2 scimitar!
The wight hits you with a +2 scimitar.
You slash the wight! You burn the wight. You headbutt the wight.
The wight is almost destroyed.
You hit the wight but do no damage. The wight closely misses you.
You furiously retaliate!
You headbutt the wight. The wight barely misses you.
The wight attacks as you move away! The wight hits you but does no damage.
The wight attacks as you move away! You block the wight's attack.
The wight attacks as you move away! You block the wight's attack.
You completely miss the wight. You headbutt the wight.
The wight is lightly damaged.
The wight hits you with a +4 great sword!
You closely miss the wight. Your headbutt misses the wight.
The wight is lightly damaged.
The wight hits you with a +4 great sword.
You closely miss the wight. Your headbutt misses the wight.
The wight is lightly damaged.
The wight hits you with a +4 great sword!
You closely miss the wight.
The wight is lightly damaged.
The wight hits you with a +4 great sword!
You die...

............###### #...
#................# #...
#..........###.# #.).
####..........###.####...
.....................#...
###.........#.#..#####..
##.............# #.>
...#.##.#######.....# #..
#.....zzz@...#.....# #..
#..##.?#####.#.#.#.###
#.. #
#..#.......#.....###..
....####..#.#...#.#.#..
###### #..#.#.....#.#..
####.#.#####.#..
#.#.......#..
#.#.#.###.#.. #.....#
#.#..


You could see 3 wights.

Vanquished Creatures
  Sigmund (D:5)
  A scorpion (D:4)
  A hound (D:5)
  An orc priest (D:2)
  2 adders
  A worm (D:2)
  5 dart slugs
  2 orcs (D:2)
  2 bats
  3 endoplasms
  A giant cockroach (D:1)
  8 goblins
  7 hobgoblins
  5 jackals
  3 kobolds
  4 quokkas
  7 ball pythons
  3 frilled lizards
  A rat (D:2)
58 creatures vanquished.

Vanquished Creatures (others)
  A jackal (D:5)
1 creature vanquished.

Grand Total: 59 creatures vanquished

Notes
Turn   | Place    | Note
-------+----------+-------------------------------------------
     0 | D:1      | retardedninja the Minotaur Fighter began the quest for the
                  | Orb.
     0 | D:1      | Reached XP level 1. HP: 19/19 MP: 0/0
    30 | D:1      | Reached XP level 2. HP: 19/27 MP: 1/1
   796 | D:1      | Reached XP level 3. HP: 31/33 MP: 2/2
  1247 | D:2      | Found a faded altar of an unknown god.
  1399 | D:2      | Reached XP level 4. HP: 3/40 MP: 3/3
  2144 | D:3      | You fall into a shaft and drop 2 floors!
  2144 | D:5      | Entered Level 5 of the Dungeon
  2145 | D:5      | Identified a scroll of acquirement
  2145 | D:5      | Acquired a +0 war axe of flaming
  2148 | D:5      | Noticed Sigmund
  2156 | D:5      | Reached XP level 5. HP: 38/46 MP: 4/4
  2160 | D:5      | Killed Sigmund
  2161 | D:5      | Reached skill level 5 in Axes
  2161 | D:5      | Reached skill level 5 in Armour
  2161 | D:5      | Reached skill level 1 in Dodging
  2161 | D:5      | Reached XP level 6. HP: 43/53 MP: 5/5
  2593 | D:4      | Found a runed translucent gate.
  2593 | D:4      | Found a runed translucent gate.
  2595 | D:4      | Found a runed translucent gate.
  2595 | D:4      | Noticed TheUltimateLifeform's ghost (amateur HOFi)
  2614 | D:4      | Slain by a wight

Illustrated notes

Levels and vault maps discovered:
D:1:      minmay_arrival_pointy, layout_basic
D:2:      layout_rooms, basic_ecumenical_altar, roderic_roman_lattice
D:3:      layout_rooms
D:4:      minmay_octagon_keep, layout_basic, gammafunk_ghost_split
D:5:      layout_loops_ring, elyvilon_altar_5, nicolae_qazlal_eye_of_the_storm,
          uniq_sigmund

Skill      XL: |  1  2  3  4  5 |
---------------+----------------+-----
Armour         | 4 5 |  5.3
Fighting       | 4 |  4.5
Shields        | 4 |  4.9
Axes           | 3 4 5 |  5.4
Dodging        | 1 |  1.3
Stealth        | |  0.1

Action                   |  1- 3 |  4- 6 || total
-------------------------+-------+-------++-------
Melee: War axe           |    82 |    43 ||   125
       Headbutt          |     5 |     9 ||    14
  Use: Potion            |     1 |     1 ||     2
       Scroll            |       |     1 ||     1
Armor: Scale mail        |    42 |    25 ||    67
Dodge: Dodged            |    48 |    19 ||    67
Block: Buckler           |    21 |    12 ||    33
